 Dungeon Crawl Stone Soup version 0.26-a0-812-g31a745ddcd (webtiles) character file.

Game seed: 8306759057476409533

742 kae the Insei (level 7, 0/38 HPs)
             Began as a Tengu Transmuter on Nov 18, 2020.
             Slain by Duvessa
             ... wielding a +3 short sword of protection
              (8 damage)
             ... on level 5 of the Dungeon.
             The game lasted 00:07:12 (6331 turns).

kae the Insei (Tengu Transmuter)                    Turns: 6331, Time: 00:07:12

Health: 0/38       AC:  2    Str: 12    XL:     7   Next: 76%
Magic:  3/11       EV: 20    Int: 13    God:
Gold:   174        SH:  0    Dex: 20    Spells: 6/10 levels left

rFire    . . .     SeeInvis +     - Unarmed
rCold    . . .     Faith    .   (shield currently unavailable)
rNeg     . . .     Spirit   .   (armour currently unavailable)
rPois    x         Reflect  .   (helmet currently unavailable)
rElec    .         Harm     .   (cloak currently unavailable)
rCorr    .         Rampage  .   (gloves currently unavailable)
MR       .....                  (boots unavailable)
Stlth    ++........             (no amulet)
HPRegen  0.12/turn              d - ring of see invisible
MPRegen  0.12/turn              t - ring of flight

@: mighty, spider-form (expiring)
A: tiny, able to fly
a: Fly, End Transformation, Evoke Flight


You were on level 5 of the Dungeon.
You were a venomous arachnid creature.
You visited 1 branch of the dungeon, and saw 5 of its levels.

You collected 174 gold pieces.

Inventory:

Armour
 a - a +1 robe (melded)
 h - a +0 pair of gloves (melded)
 l - a +0 cloak (melded)
Jewellery
 d - a ring of see invisible (left front leg)
 t - a ring of flight (right front leg)
Wands
 j - a wand of digging (8)
 n - a wand of random effects (20)
Scrolls
 b - 3 scrolls of immolation
 e - a scroll of enchant armour
 g - 2 scrolls of remove curse
 s - a scroll of identify
Potions
 c - 2 potions of curing
 f - a potion of invisibility
 i - a potion of magic
 k - 3 potions of mutation
 m - a potion of degeneration
 o - 2 potions of flight
 r - a potion of brilliance


   Skills:
 - Level 1.0 Fighting
 - Level 2.1 Dodging
 + Level 6.1 Unarmed Combat
 - Level 2.0 Spellcasting
 * Level 5.9 Transmutations


You had 6 spell levels left.
You knew the following spells:

 Your Spells              Type           Power        Failure   Level
a - Beastly Appendage     Tmut           ###...       9%          1
b - Spider Form           Tmut/Pois      #.........   43%         3

Your spell library contained the following spells:

 Spells                   Type           Power        Failure   Level
 Wereblood                Tmut           ###.....     12%         2
 Blade Hands              Tmut           ###.......   75%         5
 Ice Form                 Ice/Tmut       #.......     78%         4


Dungeon Overview and Level Annotations

Branches:
Dungeon (5/15)
 Temple: D:4-7

Altars:
Gozag
Uskayaw
Vehumet

Shops:
D:4 ?([

Annotations:
D:4 Edmund
D:5 Duvessa


Innate Abilities, Weirdness & Mutations

((You have a beak for a mouth.))
((You have claws for feet.))
You can fly continuously.


Message History

Duvessa is heavily wounded.
Duvessa hits you with a +3 short sword of protection!
Duvessa misses you.
You hit Duvessa but do no damage.
Duvessa looks as sick as possible!
Duvessa is heavily wounded.
Your transformation is almost over.
Duvessa misses you.
You hit Duvessa.
Duvessa looks as sick as possible!
Duvessa is heavily wounded.
Duvessa hits you with a +3 short sword of protection!
You bite Duvessa!
Duvessa looks as sick as possible!
Duvessa is severely wounded.
Duvessa hits you with a +3 short sword of protection!
* * * LOW HITPOINT WARNING * * *
Duvessa closely misses you.
Your magical contamination has completely faded away.
You hit Duvessa but do no damage.
Duvessa looks as sick as possible!
Duvessa is severely wounded.
Duvessa hits you with a +3 short sword of protection!
You die...

#..#.####.####..####**,,,,,*
#..#...##[#.........,,,,,,,*
#..###.##..#.######******,***
#.....#...###.# *****,**,
#.####.##..#.## *,,,,,,,, #.#
#.##.#.## *,***,,,,
#.####.##.### *,* *****
#.........##########*,* *
######..)[..seh....#*,* *
#############.#*,* *
*,**,**** * *,**,,,,* *
*,*****,* *,* *,* *,* *,*
*,*****,** *,,,,,,,,***


You could see Duvessa (berserk, extremely poisoned) and a hound.

Vanquished Creatures
  A gnoll sergeant (D:5)
  Dowan (D:5)
  A quasit (D:2)
  A jelly (D:4)
  An orc priest (D:4)
  Crazy Yiuf (D:2)
  A hound (D:4)
  An iguana (D:5)
  3 orc wizards
  Natasha (thrice) (D:2)
  2 worker ants (D:4)
  5 gnolls (D:5)
  4 adders
  A shadow imp (D:5)
  2 oozes
  A worm (D:2)
  5 dart slugs
  7 leopard geckos
  12 orcs
  3 ball pythons
  A bat skeleton (D:2)
  5 giant cockroaches
  12 goblins
  17 hobgoblins
  16 jackals
  A quokka (D:2)
  5 bats
  7 frilled lizards
  8 kobolds
  12 rats
140 creatures vanquished.

Vanquished Creatures (others)
  4 plants (D:2)
4 creatures vanquished.

Grand Total: 144 creatures vanquished

Notes
Turn   | Place    | Note
-------+----------+-------------------------------------------
     0 | D:1      | kae the Tengu Transmuter began the quest for the Orb.
     0 | D:1      | Reached XP level 1. HP: 12/12 MP: 4/4
   131 | D:1      | Reached XP level 2. HP: 14/16 MP: 4/6
   634 | D:1      | Reached XP level 3. HP: 17/20 MP: 5/7
  1182 | D:2      | Reached skill level 4 in Unarmed Combat
  1182 | D:2      | Reached XP level 4. HP: 19/25 MP: 6/8
  1187 | D:2      | Learned a level 3 spell: Spider Form
  1684 | D:2      | Gained mutation: You can fly continuously. [Tengu growth]
  1684 | D:2      | Reached XP level 5. HP: 29/29 MP: 7/9
  1692 | D:2      | Noticed Natasha
  1697 | D:2      | Killed Natasha
  1813 | D:2      | Noticed Natasha
  1819 | D:2      | Killed Natasha
  1827 | D:2      | Noticed Natasha
  1842 | D:2      | Killed Natasha
  2198 | D:2      | Found a runed translucent door.
  2199 | D:2      | Noticed Crazy Yiuf
  2450 | D:2      | Found a radiant altar of Vehumet.
  2737 | D:2      | Killed Crazy Yiuf
  2737 | D:2      | Reached XP level 6. HP: 16/34 MP: 6/10
  3112 | D:3      | Reached skill level 5 in Unarmed Combat
  3810 | D:3      | Found an opulent altar of Gozag.
  4253 | D:4      | Reached skill level 5 in Transmutations
  4261 | D:4      | Reached XP level 7. HP: 27/38 MP: 8/11
  4389 | D:4      | Found Gidayl Pops's Armour Shoppe.
  5292 | D:4      | Found Efalahaunn's Magic Scroll Shoppe.
  5380 | D:4      | Found Vohiw's Antique Weapon Shop.
  5386 | D:4      | Noticed Edmund
  5564 | D:5      | Entered Level 5 of the Dungeon
  5596 | D:5      | Found a hide-covered altar of Uskayaw.
  5663 | D:5      | Reached skill level 6 in Unarmed Combat
  6313 | D:5      | Noticed Dowan
  6321 | D:5      | Killed Dowan
  6321 | D:5      | Noticed Duvessa
  6331 | D:5      | Slain by Duvessa

Illustrated notes

Levels and vault maps discovered:
D:1:      dpeg_arrival_morbid_curiosity, layout_basic, minmay_tripent
D:2:      minmay_inner_zag, layout_basic, vehumet_crystals, serial_forest,
          infiniplex_forest_lined_2, infiniplex_forest_pool,
          infiniplex_forest_straight_3, infiniplex_forest_lined_room_3,
          infiniplex_forest_3_way, infiniplex_forest_straight_3,
          minmay_misc_feat_pillars, uniq_natasha, uniq_crazy_yiuf_cottage
D:3:      layout_loops_ring, grunt_gozag_statues
D:4:      layout_loops_ring, serial_shops,
          nicolae_shop_competitors_out_of_business, shop, shop,
          okawaru_altar_gauntlet_db, uniq_edmund
D:5:      layout_loops_ring, lemuel_round_altar, saegor_snake_ambush,
          uniq_duvessa

Skill      XL: |  1  2  3  4  5  6  7 |
---------------+----------------------+-----
Transmutations | 2 3 4 5 |  5.9
Unarmed Combat | 4 5 6 |  6.1
Fighting       | |  1.0
Dodging        | |  2.1
Spellcasting   | |  2.0

Action                   |  1- 3 |  4- 6 |  7- 9 || total
-------------------------+-------+-------+-------++-------
Melee: Unarmed           |    84 |   190 |   108 ||   382
       Peck              |    13 |    13 |    11 ||    37
       Kick              |    17 |    43 |    18 ||    78
       Headbutt          |     5 |    16 |    13 ||    34
       Punch             |     1 |     1 |     2 ||     4
 Cast: Beastly Appendage |    12 |    32 |     7 ||    51
       Spider Form       |       |     3 |     4 ||     7
  Use: Scroll            |       |    13 |     4 ||    17
       Potion            |       |       |     2 ||     2
 Stab: Sleeping          |       |     1 |       ||     1
Armor: Robe              |    20 |    33 |    20 ||    73
       Skin              |       |     3 |     1 ||     4
Dodge: Dodged            |    62 |   143 |    59 ||   264

Table legend: (Time is in decaauts)
 A = Elapsed time spent in this place.
 B = Non-inter-level travel time spent in this place.
 C = Inter-level travel time spent in this place.
 D = Time resting spent in this place.
 E = Time spent auto-exploring this place.
 F = Levels seen in this place.
 G = Mean time per level.
                   A        B        C        D        E       F      G
               +--------+--------+--------+--------+--------+-----+--------+
         Total |   6306 |   6201 |    105 |   1412 |   3838 |   5 | 1261.2 |
       Dungeon |   6306 |   6201 |    105 |   1412 |   3838 |   5 | 1261.2 |
               +--------+--------+--------+--------+--------+-----+--------+

Top non-repeatable levels by time:
     D:4: 1774 daAuts
     D:2: 1768 daAuts
     D:1: 1169 daAuts
     D:3: 1106 daAuts
     D:5: 487 daAuts
